 Dungeon Crawl Stone Soup version 0.29-a0-352-g0917bc69df (webtiles) character file.

Game seed: 211109813292703769

293 Venedis the Vexing (level 6, 0/28 HPs)
             Began as a Spriggan Enchanter on Apr 24, 2022.
             Slain by a gnoll
             ... wielding a +0 spear
              (5 damage)
             ... on level 4 of the Dungeon.
             The game lasted 00:13:32 (4542 turns).

Venedis the Vexing (Spriggan Enchanter)             Turns: 4542, Time: 00:13:32

Health: 0/28       AC:  3    Str:  6    XL:     6   Next: 11%
Magic:  1/15       EV: 17    Int: 17    God:
Gold:   1135       SH:  0    Dex: 15    Spells: 5/16 levels left

rFire   . . .      SeeInvis +   a - +1 dagger
rCold   + . .      Faith    .   (no shield)
rNeg    . . .      Spirit   .   b - +0 robe
rPois   .          Reflect  .   (helmet restricted)
rElec   .          Harm     .   e - +0 cloak
rCorr   .          Rampage  .   (gloves unavailable)
Will    +....                   (boots unavailable)
Stlth   +++.......              (no amulet)
HPRegen 0.09/turn               i - +4 ring of slaying
MPRegen 0.14/turn               m - ring of protection from cold

@: very quick
A: very small, no large weapons, unfitting armour, see invisible, speed 3
a: no special abilities


You were on level 4 of the Dungeon.
You visited 1 branch of the dungeon, and saw 4 of its levels.

You collected 1255 gold pieces.
You spent 120 gold pieces at shops.

Inventory:

Hand Weapons
 a - a +1 dagger (weapon)
 g - a +0 dagger of draining
 o - a +1 short sword of draining
Missiles
 l - 11 poisoned darts (quivered)
Armour
 b - a +0 robe (worn)
 e - a +0 cloak (worn)
Jewellery
 i - a +4 ring of slaying (left hand)
 m - a ring of protection from cold (right hand)
Wands
 q - a wand of flame (31)
Scrolls
 j - 2 scrolls of amnesia
 n - a scroll of fog
 s - a scroll of enchant armour {unknown}
Potions
 c - 2 potions of invisibility
 d - 3 potions of brilliance
 f - a potion of resistance
 h - 2 potions of mutation
 k - a potion of might
 p - a potion of haste
 r - a potion of magic {unknown}


   Skills:
 - Level 1.1 Short Blades
 - Level 2.6 Dodging
 + Level 5.2 Stealth
 + Level 5.7 Spellcasting
 + Level 6.1 Hexes


You had 5 spell levels left.
You knew the following spells:

 Your Spells              Type           Power      Damage    Failure   Level
a - Ensorcelled Hibernat  Hex/Ice        30%        N/A       5%          2
b - Tukima's Dance        Hex            25%        N/A       3%          3
c - Dazzling Flash        Conj/Hex       30%        N/A       11%         3
d - Confusing Touch       Hex            25%        N/A       3%          3

Your spell library contained the following spells:

 Spells                   Type           Power      Damage    Failure   Level
 Animate Skeleton         Necr           8%         N/A       13%         1
 Pain                     Necr           16%        1d4       13%         1
 Vampiric Draining        Necr           4%         2d6       36%         3


Dungeon Overview and Level Annotations

Branches:
Dungeon (4/15)
 Temple: D:4-7

Altars:

Shops:
D:3 *   D:4 [


Innate Abilities, Weirdness & Mutations

You are very small and have problems with some larger weapons.
You are too small for most types of armour.
You have supernaturally acute eyesight. (SInv)
You cover ground extremely quickly. (Speed+++)


Message History

Casting: Tukima's Dance (dangerous; 3% risk of failure)
Confirm with . or Enter, or press ? or * to list all spells.
Aiming: Tukima's Dance (dangerous; 3% risk of failure)
Press: ? - help, Shift-Dir - straight line, f/p - gnoll
Aim: a gnoll, wielding a +0 spear (chance to affect: 65%)
The gnoll struggles to resist.
The kobold shouts!
Unknown command.
Casting: Tukima's Dance (dangerous; 3% risk of failure)
Confirm with . or Enter, or press ? or * to list all spells.
Aiming: Tukima's Dance (dangerous; 3% risk of failure)
Press: ? - help, Shift-Dir - straight line, f/p - gnoll
Aim: a gnoll, wielding a +0 spear (chance to affect: 65%)
The gnoll struggles to resist.
The gnoll barely misses you.
Unknown command.
Casting: Tukima's Dance (dangerous; 3% risk of failure)
Confirm with . or Enter, or press ? or * to list all spells.
You don't have enough magic to cast this spell.
Unknown command.
Unknown command.
The gnoll barely misses you.
Found a stone staircase leading down.
Things that are here:
a +0 leather armour; 13 gold pieces You completely miss the gnoll.
You hit the gnoll.
The gnoll is heavily wounded.
The gnoll hits you with a +0 spear. The gnoll completely misses you.
The gnoll closely misses you.
You closely miss the gnoll.
The gnoll is heavily wounded.
The gnoll shouts!
The gnoll hits you with a +0 spear. The gnoll barely misses you.
The gnoll hits you from afar with a +0 halberd!
* * * LOW HITPOINT WARNING * * *
A hobgoblin comes into view.
Unknown command.
The gnoll barely misses you.
The gnoll hits you from afar with a +0 spear.
You die...

.*8,8*,....,,....#,,...*
#**.#*.....,,,gg..,,..##
.##'##.....,,,K..#,....#**
...,......,,,,,..#*....,,*
..##....#******#K##?.#*,,*
#..##...#⌠8⌠*,*#g#..##*,,*
)..#..#.#,,,+,,#gg...#,.,*
......#.#,,,***#..#..#..**
...#..#.#,,,+,,#@.#.....*
#####.#.#,,,*,,#......##*
### #...##+#####.#....#
..###................##
...........[#......###
♣..#.....##.#......#
♣≈♣##.).......#....#
≈≈♣#..........#...##
...[...##....###.##


You could see 4 gnolls and a kobold.

Vanquished Creatures
  A hound (D:4)
  A gnoll shaman (D:4)
  An orc priest (D:3)
  2 orc wizards (D:3)
  3 adders
  An ufetubus (D:4)
  A worm (D:4)
  3 dart slugs
  4 orcs
  5 ball pythons
  8 endoplasms
  3 giant cockroaches
  13 goblins
  6 hobgoblins
  9 jackals
  8 kobolds
  6 quokkas
  6 bats
  A frilled lizard (D:2)
  5 rats
87 creatures vanquished.

Vanquished Creatures (collateral kills)
  Robin (D:4)
  An endoplasm (D:4)
  A goblin (D:4)
  4 hobgoblins (D:4)
7 creatures vanquished.

Vanquished Creatures (others)
  3 dancing weapons (D:4)
  8 plants (D:4)
11 creatures vanquished.

Grand Total: 105 creatures vanquished

Notes
Turn   | Place    | Note
-------+----------+-------------------------------------------
     0 | D:1      | Venedis the Spriggan Enchanter began the quest for the Orb.
     0 | D:1      | Reached XP level 1. HP: 9/9 MP: 5/5
    36 | D:1      | Found a faded altar of an unknown god.
   119 | D:1      | Reached skill level 4 in Hexes
   119 | D:1      | Reached XP level 2. HP: 2/13 MP: 7/7
   408 | D:1      | Learned a level 2 spell: Ensorcelled Hibernation
  1134 | D:1      | Reached XP level 3. HP: 16/16 MP: 1/9
  1516 | D:2      | Learned a level 3 spell: Tukima's Dance
  1520 | D:2      | Learned a level 3 spell: Confusing Touch
  1606 | D:2      | Identified a scroll of acquirement
  1606 | D:2      | Acquired 1058 gold pieces
  2137 | D:2      | Reached XP level 4. HP: 19/21 MP: 11/11
  2447 | D:3      | Reached skill level 5 in Hexes
  2668 | D:3      | Found Qoar's General Store.
  2716 | D:3      | Bought a scroll of fog for 24 gold pieces
  2716 | D:3      | Bought a potion of mutation for 96 gold pieces
  2764 | D:3      | Reached XP level 5. HP: 8/24 MP: 1/13
  2766 | D:3      | Reached skill level 5 in Spellcasting
  3478 | D:4      | Learned a level 3 spell: Dazzling Flash
  3493 | D:4      | Found Sen Piri's Armour Boutique.
  3550 | D:4      | Noticed Robin
  3572 | D:4      | Killed Robin
  3572 | D:4      | HP: 1/24 [hobgoblin[Robin] (6)]
  3573 | D:4      | Reached skill level 6 in Hexes
  3594 | D:4      | Reached skill level 5 in Stealth
  4531 | D:4      | Reached XP level 6. HP: 28/28 MP: 8/15
  4542 | D:4      | Slain by a gnoll

Illustrated notes

Levels and vault maps discovered:
D:1:      dpeg_arrival_refuge, layout_basic, chequers_ecumenical_altar_island
D:2:      layout_basic, minmay_box_of_dots
D:3:      layout_basic, serial_shops, shop_fountains
D:4:      dreamdust_elfheim, layout_cave_pools, serial_shops,
          kennysheep_mini_moat, chequers_jeans, serial_bayou_ford_a,
          skrybe_limestone_x, dk_noncrumbling_2, uniq_robin

Skill      XL: |  1  2  3  4  5 |
---------------+----------------+-----
Spellcasting   | 3 4 5 |  5.7
Hexes          | 4 5 6 |  6.1
Stealth        | 5 |  5.2
Short Blades   | |  1.1
Dodging        | |  2.6

Action                   |  1- 3 |  4- 6 || total
-------------------------+-------+-------++-------
Melee: Dagger            |   114 |   114 ||   228
       Punch             |       |     2 ||     2
 Cast: Ensorcelled Hiber |    17 |    14 ||    31
       Tukima's Dance    |       |    11 ||    11
  Use: Potion            |     3 |     2 ||     5
       Scroll            |     8 |     5 ||    13
 Stab: Sleeping          |    15 |    14 ||    29
       Invisible         |     1 |     5 ||     6
Armor: Robe              |    23 |    14 ||    37
       Skin              |     3 |       ||     3
Dodge: Dodged            |   120 |    98 ||   218

Table legend: (Time is in decaauts)
 A = Elapsed time spent in this place.
 B = Non-inter-level travel time spent in this place.
 C = Inter-level travel time spent in this place.
 D = Time resting spent in this place.
 E = Time spent auto-exploring this place.
 F = Levels seen in this place.
 G = Mean time per level.
                   A        B        C        D        E       F      G
               +--------+--------+--------+--------+--------+-----+--------+
         Total |   3678 |   3631 |     47 |    710 |   2225 |   4 |  919.5 |
       Dungeon |   3678 |   3631 |     47 |    710 |   2225 |   4 |  919.5 |
               +--------+--------+--------+--------+--------+-----+--------+

Top non-repeatable levels by time:
     D:1: 1256 daAuts
     D:3: 1062 daAuts
     D:2: 688 daAuts
     D:4: 671 daAuts
